 Dungeon Crawl Stone Soup version 0.31.0-12-g77e489cdc1 (webtiles) character file.

Game seed: 14688183468459526007

72 hardbepis the Vexing (level 4, -20/34 HPs)
             Began as a Gnoll Hexslinger on Feb 15, 2024.
             Killed by an exploding Grinder (37 damage)
             ... ignited by their inner flame
             ... on level 3 of the Dungeon.
             The game lasted 00:04:24 (2099 turns).

hardbepis the Vexing (Gnoll Hexslinger)             Turns: 2099, Time: 00:04:25

Health: -20/34     AC:  2    Str:  7    XL:     4   Next: 25%
Magic:  8/8        EV: 14    Int: 11    God:
Gold:   173        SH:  4    Dex: 16    Spells: 6/9 levels left

rFire   . . .        a - +1 sling
rCold   . . .        (no shield)
rNeg    . . .        c - +0 robe
rPois   .            (no helmet)
rElec   .            (no cloak)
rCorr   .            (no gloves)
SInv    .            (no boots)
Will    .....        (no amulet)
Stlth   ++           (no ring)
HPRegen 0.25/turn    (no ring)
MPRegen 0.11/turn

%: no passive effects
@: no status effects
A: fangs 1, strong nose, distributed training, large bone plates 1, dopey 1,
inability to read after injury 1
a: no special abilities


You were on level 3 of the Dungeon.
You visited 1 branch of the dungeon, and saw 3 of its levels.

You collected 173 gold pieces.

Inventory:

Hand Weapons
 a - a +1 sling (weapon)
Armour
 c - a +0 robe (worn)
Talismans
 j - a talisman of death
Scrolls
 b - a scroll of poison
 d - a scroll of enchant weapon {unknown}
 f - a scroll of identify {unknown}
 g - a scroll of blinking {unknown}
 h - a scroll of torment {unknown}
 l - a scroll of noise {unknown}
 n - a scroll of enchant armour {unknown}
 o - a scroll of acquirement {unknown}
Potions
 e - a potion of mutation
 i - a potion of attraction {unknown}
 k - a potion of lignification {unknown}
 m - a potion of magic


   Skills:
 + Level 2.7 Fighting
 + Level 1.1 Short Blades
 + Level 1.1 Long Blades
 + Level 1.1 Axes
 + Level 1.1 Maces & Flails
 + Level 1.1 Polearms
 + Level 1.1 Staves
 + Level 4.6 Ranged Weapons
 + Level 1.1 Throwing
 + Level 1.1 Armour
 + Level 4.6 Dodging
 + Level 1.1 Stealth
 + Level 1.1 Shields
 + Level 1.1 Unarmed Combat
 + Level 3.0 Spellcasting
 + Level 0.9 Conjurations
 + Level 5.4 Hexes
 + Level 0.9 Summonings
 + Level 0.9 Necromancy
 + Level 0.9 Translocations
 + Level 2.2 Fire Magic
 + Level 0.9 Ice Magic
 + Level 0.9 Air Magic
 + Level 0.9 Earth Magic
 + Level 0.9 Alchemy
 + Level 1.2 Invocations
 + Level 1.1 Evocations
 + Level 1.0 Shapeshifting


You had 6 spell levels left.
You knew the following spells:

 Your Spells              Type           Power      Damage    Failure   Level
a - Inner Flame           Hex/Fire       10%        N/A       16%         3

Your spell library contained the following spells:

 Spells                   Type           Power      Damage    Failure   Level
 Jinxbite                 Hex            26%        N/A       4%          2
 Sigil of Binding         Hex            13%        N/A       9%          3
 Cause Fear               Hex            6%         N/A       28%         4
 Dimensional Bullseye     Hex/Tloc       4%         N/A       56%         4


Dungeon Overview and Level Annotations

Branches:
Dungeon (3/15)

Altars:
Trog

Shops:
D:3 *


Innate Abilities, Weirdness & Mutations

You have very sharp teeth.
Your uncanny sense of smell can sniff out nearby items.
Your experience applies equally to all skills.
You are partially covered in large bone plates. (SH +4)
You are dopey. (Int -2)
You occasionally lose the ability to read scrolls when taking damage.


Message History

Press: ? - help, Q - select action Shift-Dir - straight line, f/p - Grinder
Aim: Grinder (inner flame, 58% to hit)
You shoot a sling bullet. The sling bullet hits the rat.
You kill the rat!
Grinder blinks!
Your magical contamination has completely faded away.
Things that are here:
a +0 club; a rat corpse
Things that are here:
a +0 club; a rat corpse It was a potion of magic.
Magic courses through your body. Grinder hits you.
It was a potion of mutation.
You feel extremely strange.
You feel stupid.
Large bone plates grow over parts of your arms.
You occasionally lose the ability to read scrolls when taking damage.
Grinder gestures at you. Pain shoots through your body!
Grinder gestures at you.
You suddenly lose the ability to move!
Grinder hits you!
You writhe in agony.
You can move again.
Fire: a) +1 sling
Press: ? - help, Q - select action Shift-Dir - straight line, f/p - Grinder
Aim: Grinder (inner flame, 58% to hit)
You shoot a sling bullet. The sling bullet hits Grinder.
Flame seeps out of Grinder.
Grinder is lightly wounded.
Grinder is engulfed in blazing flames.
Flame seeps out of Grinder.
You block Grinder's attack.
Fire: a) +1 sling
Press: ? - help, Q - select action Shift-Dir - straight line, f/p - Grinder
Aim: Grinder (flame, moderately wounded, inner flame, 58% to hit)
You shoot a sling bullet. The sling bullet hits Grinder.
Flame seeps out of Grinder.
Grinder is heavily wounded.
Grinder is engulfed in blazing flames.
Grinder explodes!
The fiery explosion engulfs you!!!
Ouch! That really hurt!
You die...

#..#......#
..##..∩..##
###......#
###)#...###
##..###.'.#########
......###†.†......#
####### ########..#
#.## ##@# #§°# #)##
##.# #..# #.## #.
.. ...


There were no monsters in sight!

Vanquished Creatures
  Grinder (D:3)
  An adder (D:2)
  A ribbon worm (D:3)
  A dart slug (D:1)
  4 endoplasms
  3 giant cockroaches
  6 goblins
  4 hobgoblins
  2 jackals (D:2)
  3 quokkas
  6 ball pythons
  5 bats
  5 frilled lizards
  8 kobolds
  5 rats
55 creatures vanquished.

Notes
Turn   | Place    | Note
-------+----------+-------------------------------------------
     0 | D:1      | hardbepis the Gnoll Hexslinger began the quest for the Orb.
     0 | D:1      | Reached XP level 1. HP: 17/17 MP: 4/4
   137 | D:1      | Reached XP level 2. HP: 21/23 MP: 5/5
   397 | D:1      | Reached XP level 3. HP: 25/28 MP: 7/7
   878 | D:1      | Learned a level 3 spell: Inner Flame
   957 | D:1      | Reached skill level 1 in Invocations
  1252 | D:2      | Found a bloodstained altar of Trog.
  1417 | D:2      | Reached skill level 1 in Short Blades
  1417 | D:2      | Reached skill level 1 in Long Blades
  1417 | D:2      | Reached skill level 1 in Axes
  1417 | D:2      | Reached skill level 1 in Maces & Flails
  1417 | D:2      | Reached skill level 1 in Polearms
  1417 | D:2      | Reached skill level 1 in Staves
  1417 | D:2      | Reached skill level 1 in Throwing
  1417 | D:2      | Reached skill level 1 in Armour
  1417 | D:2      | Reached skill level 1 in Stealth
  1417 | D:2      | Reached skill level 1 in Shields
  1417 | D:2      | Reached skill level 1 in Unarmed Combat
  1417 | D:2      | Reached skill level 1 in Evocations
  1454 | D:2      | Reached skill level 1 in Shapeshifting
  1454 | D:2      | Reached XP level 4. HP: 24/34 MP: 8/8
  1981 | D:3      | Found Kuikuc's Assorted Antiques.
  2074 | D:3      | Noticed Grinder
  2094 | D:3      | Gained mutation: You are dopey. (Int -2) [potion of
                  | mutation]
  2094 | D:3      | Gained mutation: You are partially covered in large bone
                  | plates. (SH +4) [potion of mutation]
  2094 | D:3      | Gained mutation: You occasionally lose the ability to read
                  | scrolls when taking damage. [potion of mutation]
  2095 | D:3      | Paralysed by Grinder for 3 turns
  2099 | D:3      | Killed Grinder
  2099 | D:3      | Killed by an exploding Grinder... ignited by their inner
                  | flame

Illustrated notes

Levels and vault maps discovered:
D:1:      onia_arrival_mini_maze, layout_basic, minmay_door_square,
          interstate_on_off, lexackson_kobold_supper
D:2:      layout_loops_ring, basic_altar, bh_walls_and_bars
D:3:      layout_rooms, kennysheep_okawaru_gauntlet, serial_shops,
          nicolae_shop_rolling_square, fountainhead, uniq_grinder, uniq_robin

Skill      XL: |  1  2  3  4 |
---------------+-------------+-----
Fire Magic     | 2 |  2.2
Invocations    | 1 |  1.2
Short Blades   | 1 |  1.1
Long Blades    | 1 |  1.1
Axes           | 1 |  1.1
Maces & Flails | 1 |  1.1
Polearms       | 1 |  1.1
Staves         | 1 |  1.1
Throwing       | 1 |  1.1
Armour         | 1 |  1.1
Stealth        | 1 |  1.1
Shields        | 1 |  1.1
Unarmed Combat | 1 |  1.1
Evocations     | 1 |  1.1
Shapeshifting  | 1 |  1.0
Spellcasting   | 3 |  3.0
Fighting       | |  2.7
Ranged Weapons | |  4.6
Dodging        | |  4.6
Conjurations   | |  0.9
Hexes          | |  5.4
Summonings     | |  0.9
Necromancy     | |  0.9
Translocations | |  0.9
Ice Magic      | |  0.9
Air Magic      | |  0.9
Earth Magic    | |  0.9
Alchemy        | |  0.9

Action                     |  1- 3 |  4- 6 || total
---------------------------+-------+-------++-------
   Fire: Sling             |   112 |    36 ||   148
   Cast: Inner Flame       |       |     1 ||     1
    Use: Potion            |       |     2 ||     2
 Armour: Robe              |    16 |     7 ||    23
  Dodge: Dodged            |    33 |     2 ||    35
  Block: Other             |       |     1 ||     1
